 Dungeon Sprint DCSS version 0.30-a0-830-gfe289a77b0 (webtiles) character file.

Game seed: 131221523270704239

4634 retardedninja the Severer (level 10, -32/130 HPs)
             Began as a Minotaur Fighter on Feb 28, 2023.
             Was an Initiate of Gozag.
             Annihilated by Garghuq the pandemonium lord (49 damage)
             ... in the Dungeon (Sprint VII: "The Pits").
             The game lasted 00:04:33 (1993 turns).

retardedninja the Severer (Minotaur Fighter)        Turns: 1993, Time: 00:04:34

Health: -32/130    AC: 25    Str: 25    XL:     10   Next: 20%
Magic:  9/9        EV:  2    Int:  8    God:    Gozag
Gold:   2205       SH:  6    Dex: 10    Spells: 9/9 levels left

rFire   + . .      SeeInvis .    s - +1 broad axe (freeze)
rCold   + . .      Faith    .    c - +0 buckler
rNeg    . . .      Spirit   .    (body armour currently unavailable)
rPois   +          Reflect  .    (helmet currently unavailable)
rElec   +          Harm     .    (cloak currently unavailable)
rCorr   +          Rampage  .    (gloves currently unavailable)
Will    .....      NoTele   +    (boots currently unavailable)
Stlth   +++                      (no amulet)
HPRegen 0.41/turn                a - +3 ring of intelligence
MPRegen 0.11/turn                k - +3 ring of evasion

@: mighty, tree-form, resistant, hasted, invisible, very quick
A: stationary, stasis, torment immunity, boosted hp, (horns 2), (retaliatory
headbutt), frail 1
a: End Transformation, Renounce Religion, Potion Petition, Call Merchant, Bribe
Branch


You were in the Dungeon.
You worshipped Gozag.
Gozag was most pleased with you.
You were a tree.
You visited 1 branch You collected 3348 gold pieces.
You paid 1143 gold pieces to Gozag.

Inventory:

Hand Weapons
 s - a +1 broad axe of freezing (weapon)
Armour
 c - a +0 buckler (worn)
 e - a +3 chain mail (melded)
 p - a +0 cloak (melded)
 q - a +0 pair of boots (melded)
Jewellery
 a - a +3 ring of intelligence (left branch)
 k - a +3 ring of evasion (right branch)
Scrolls
 l - 5 scrolls of amnesia
Potions
 f - 4 potions of heal wounds
 h - 4 potions of magic
 n - 7 potions of curing
 r - a potion of mutation


   Skills:
 + Level 11.7 Fighting
 + Level 16.6 Axes
 + Level 13.5 Armour
 + Level 7.5 Dodging
 + Level 7.0 Stealth
 + Level 11.8 Shields


You had 9 spell levels left.
You didn't know any spells.
Your spell library was empty.

Dungeon Overview and Level Annotations

Branches:
Dungeon (1/1)

Altars:
Ashenzari
Cheibriados
Dithmenos
Elyvilon
Fedhas
Gozag
Hepliaklqana
Kikubaaqudgha
Makhleb
Nemelex Xobeh
Okawaru
Qazlal
Ru
Sif Muna
Trog
Uskayaw
Vehumet
Wu Jian
Xom
Yredelemnul
Zin
The Shining One
Jiyva
Lugonu


Innate Abilities, Weirdness & Mutations

You are a tree.
Your roots penetrate the ground, keeping you stationary.
You cannot be teleported.
You are immune to unholy pain and torment.
Your maximum health is greatly increased.
Your equipment is partially melded.
((You have a pair of horns on your head.))
((You reflexively headbutt those who attack you in melee.))
You are frail. (-10% HP)


Message History

Garghuq gores you!!
You barely miss Garghuq.
Garghuq is lightly wounded.
Garghuq gores you!!
* * * LOW HITPOINT WARNING * * *
Space warps around you.
* * * LOW HITPOINT WARNING * * *
Okay, then.
You feel much better. Garghuq gores you!!
* * * LOW HITPOINT WARNING * * *
Space warps around you.
* * * LOW HITPOINT WARNING * * *
You feel much better. Garghuq gores you. Space warps around you.
You feel much better. Garghuq gores you but does no damage.
You slice Garghuq like a ripe choko!!! You freeze Garghuq!
Garghuq is moderately wounded.
Garghuq gores you!! Space warps horribly around you!
You slice Garghuq!! You freeze Garghuq.
Garghuq is moderately wounded.
Garghuq gores you!!
* * * LOW HITPOINT WARNING * * *
You feel much better. Garghuq gores you but does no damage.
Space warps around you.
You feel much better. Garghuq gores you but does no damage.
Space warps horribly around you!
You feel much better. Garghuq gores you! Space warps horribly around you!
You hit Garghuq. You freeze Garghuq.
Garghuq is moderately wounded.
You barely miss Garghuq.
Garghuq is moderately wounded.
Garghuq gores you but does no damage.
You completely miss Garghuq.
Garghuq is moderately wounded.
Garghuq gores you!!
* * * LOW HITPOINT WARNING * * *
You miss Garghuq.
Garghuq is moderately wounded.
Garghuq gores you!!!
You die...
Your body crumbles into a pile of gold.

#..# #..# +##########
#..# ......##..# #..#
......##..# #..#
......''..# #..#
......''..##########..#
......##..............#
......##........♣&.)..#
+######################


You could see Garghuq.

Vanquished Creatures
  A hell beast (D)
  A flayed ghost (D)
  A deep elf pyromancer (D)
  A cyclops (D)
  A komodo dragon (D)
  A freezing wraith (D)
  4 blink frogs (D)
  A hornet (D)
  A spriggan (D)
  A neqoxec (D)
  A water moccasin (D)
  2 floating eyes (D)
  A black bear (D)
  2 wolves (D)
  A centaur (D)
  An earth elemental (D)
  A gnoll sergeant (D)
  A quasit (D)
  4 gnolls (D)
  An adder (D)
  2 ufetubi (D)
  A worm (D)
  4 orcs (D)
  A bat skeleton (D)
  2 giant cockroaches (D)
  A goblin (D)
  A hobgoblin (D)
  2 jackals (D)
  A kobold (D)
  A quokka (D)
  A ball python zombie (D)
  A bat simulacrum (D)
  A frilled lizard (D)
  A rat (D)
48 creatures vanquished.

Vanquished Creatures (collateral kills)
  2 wolves (D)
2 creatures vanquished.

Vanquished Creatures (others)
  A blink frog (D)
1 creature vanquished.

Grand Total: 51 creatures vanquished

Notes
Turn   | Place    | Note
-------+----------+-------------------------------------------
     0 | D        | retardedninja the Minotaur Fighter began the quest for the
                  | Orb.
     0 | D        | Reached XP level 1. HP: 19/19 MP: 0/0
    29 | D        | Reached XP level 2. HP: 25/28 MP: 1/1
   155 | D        | Found a bloodstained altar of Trog.
   155 | D        | Found a shimmering blue altar of Sif Muna.
   155 | D        | Found a viscous altar of Jiyva.
   155 | D        | Found a hazy altar of Hepliaklqana.
   155 | D        | Found an opulent altar of Gozag.
   156 | D        | Found a glowing golden altar of the Shining One.
   156 | D        | Found a glowing silver altar of Zin.
   156 | D        | Found a basalt altar of Yredelemnul.
   156 | D        | Found a shimmering altar of Xom.
   156 | D        | Found an ornate altar of the Wu Jian Council.
   156 | D        | Found a sacrificial altar of Ru.
   156 | D        | Found a stormy altar of Qazlal.
   156 | D        | Found an iron altar of Okawaru.
   156 | D        | Found a sparkling altar of Nemelex Xobeh.
   156 | D        | Found a burning altar of Makhleb.
   156 | D        | Found a blossoming altar of Fedhas.
   156 | D        | Found a white marble altar of Elyvilon.
   156 | D        | Found a shadowy altar of Dithmenos.
   156 | D        | Found a snail-covered altar of Cheibriados.
   159 | D        | Found a corrupted altar of Lugonu.
   159 | D        | Found a radiant altar of Vehumet.
   160 | D        | Found an ancient bone altar of Kikubaaqudgha.
   160 | D        | Found a hide-covered altar of Uskayaw.
   160 | D        | Found a broken altar of Ashenzari.
   163 | D        | Became a worshipper of Gozag Ym Sagoz the Greedy
   215 | D        | Noticed a water moccasin
   231 | D        | Reached skill level 3 in Axes
   236 | D        | Killed a water moccasin
   237 | D        | Reached skill level 4 in Axes
   237 | D        | Reached XP level 3. HP: 21/38 MP: 2/2
   237 | D        | Reached XP level 4. HP: 25/45 MP: 3/3
   337 | D        | Reached skill level 5 in Axes
   337 | D        | Reached skill level 1 in Dodging
   337 | D        | Reached XP level 5. HP: 51/52 MP: 4/4
   612 | D        | Reached skill level 6 in Axes
   617 | D        | Reached skill level 7 in Axes
   617 | D        | Reached skill level 1 in Stealth
   619 | D        | Reached XP level 6. HP: 46/61 MP: 5/5
   815 | D        | Noticed a floating eye
   817 | D        | Killed a floating eye
   818 | D        | Reached skill level 8 in Axes
   821 | D        | Noticed a cyclops
   825 | D        | Killed a cyclops
   826 | D        | Reached skill level 10 in Axes
   826 | D        | Reached skill level 10 in Armour
   826 | D        | Reached XP level 7. HP: 43/69 MP: 6/6
   990 | D        | Paralysed by a floating eye for 2 turns
   994 | D        | Reached skill level 11 in Axes
  1113 | D        | Noticed a blink frog
  1113 | D        | Noticed a blink frog
  1113 | D        | Noticed a blink frog
  1113 | D        | Noticed a blink frog
  1113 | D        | Noticed a blink frog
  1117 | D        | Killed a blink frog
  1118 | D        | Reached skill level 5 in Dodging
  1121 | D        | Killed a blink frog
  1122 | D        | Reached skill level 12 in Axes
  1122 | D        | Reached XP level 8. HP: 72/78 MP: 7/7
  1122 | D        | Killed a blink frog
  1124 | D        | Reached skill level 10 in Shields
  1125 | D        | Killed a blink frog
  1126 | D        | Reached skill level 13 in Axes
  1138 | D        | Killed a blink frog
  1365 | D        | Noticed a freezing wraith
  1366 | D        | Noticed a komodo dragon
  1374 | D        | Killed a komodo dragon
  1375 | D        | Reached skill level 5 in Stealth
  1375 | D        | Reached XP level 9. HP: 85/85 MP: 8/8
  1376 | D        | Killed a freezing wraith
  1377 | D        | Reached skill level 10 in Fighting
  1377 | D        | Reached skill level 14 in Axes
  1423 | D        | Gained mutation: You are frail. (-10% HP) [a neqoxec]
  1488 | D        | Noticed a flayed ghost
  1497 | D        | Killed a flayed ghost
  1498 | D        | Reached skill level 15 in Axes
  1641 | D        | Noticed a hell beast
  1642 | D        | Noticed a deep elf pyromancer
  1655 | D        | Killed a hell beast
  1656 | D        | Reached skill level 16 in Axes
  1656 | D        | Reached XP level 10. HP: 26/86 MP: 9/9
  1666 | D        | Killed a deep elf pyromancer
  1924 | D        | Noticed Garghuq the pandemonium lord
  1993 | D        | Annihilated by Garghuq the pandemonium lord

Illustrated notes

Levels and vault maps discovered:
D:        pitsprint [storerooms_1, entrance_room_1, metal_vault_3, armoury_3,
          mini_pit_1, grid_room_1, main_hall_1, silver_pit, the_coven_1,
          the_vestibule_1, steel_vault_2, golden_pit, hallway_of_sentries,
          crystal_vault_4, iron_vault_1, final_vault]

Skill      XL: |  1  2  3  4  5  6  7  8  9 10 |
---------------+-------------------------------+-----
Fighting       | 4 6 7 8 9 11 | 11.7
Armour         | 4 7 8 10 11 12 13 | 13.5
Shields        | 4 6 7 9 10 11 | 11.8
Axes           | 4 5 7 10 12 13 16 | 16.6
Dodging        | 1 2 4 5 6 7 |  7.5
Stealth        | 1 3 5 6 7 |  7.0

Action                     |  1- 3 |  4- 6 |  7- 9 | 10-12 || total
---------------------------+-------+-------+-------+-------++-------
  Melee: War axe           |    18 |    43 |       |       ||    61
         Headbutt          |     3 |     7 |     7 |     2 ||    19
         Hand axe          |       |     5 |    17 |       ||    22
         Broad axe         |       |       |    41 |    23 ||    64
 Invoke: Potion Petition   |       |       |       |     2 ||     2
    Use: Potion            |     1 |     2 |     3 |    15 ||    21
         Scroll            |       |       |     1 |     1 ||     2
   Stab: Invisible         |       |     2 |     4 |       ||     6
         Distracted        |       |       |       |     1 ||     1
 Armour: Scale mail        |    10 |    33 |       |       ||    43
         Chain mail        |       |       |    44 |     1 ||    45
         Skin              |       |       |       |     4 ||     4
  Dodge: Dodged            |    15 |    43 |    33 |    10 ||   101
  Block: Buckler           |     4 |    30 |    33 |     6 ||    73

Table legend: (Time is in decaauts)
 A = Elapsed time spent in this place.
 B = Non-inter-level travel time spent in this place.
 C = Inter-level travel time spent in this place.
 D = Time resting spent in this place.
 E = Time spent auto-exploring this place.
 F = Levels seen in this place.
 G = Mean time per level.
                   A        B        C        D        E       F      G
               +--------+--------+--------+--------+--------+-----+--------+
         Total |   1997 |   1922 |     75 |   1233 |      0 |   1 | 1997.0 |
       Dungeon |   1997 |   1922 |     75 |   1233 |      0 |   1 | 1997.0 |
               +--------+--------+--------+--------+--------+-----+--------+

Top non-repeatable levels by time:
       D: 1997 daAuts
